 Dungeon Crawl Stone Soup version 0.30.2 (webtiles) character file.

Game seed: 16880968128823531813

5346 porpoise the Spear-Bearer (level 10, -3/82 HPs)
             Began as a Demonspawn Gladiator on Mar 3, 2024.
             Was a Priest of Fedhas.
             Slain by a vampire (10 damage)
             ... on level 8 of the Dungeon.
             The game lasted 00:32:47 (10605 turns).

porpoise the Spear-Bearer (Demonspawn Gladiator)   Turns: 10605, Time: 00:32:48

Health: -3/82      AC: 12    Str: 17 (19) XL:     10   Next: 38%
Magic:  14/14      EV: 10    Int: 10      God:    Fedhas [***...]
Gold:   656        SH:  7    Dex: 12 (14) Spells: 9/9 levels left

rFire   . . .        b - +0 trident
rCold   . . .        q - +2 buckler
rNeg    + . .        o - +1 scale mail {rN+}
rPois   .            c - +0 helmet
rElec   .            u - +0 cloak
rCorr   +            (no gloves)
SInv    .            (no boots)
Will    +....        (no amulet) Stlth
                     H - ring of willpower
HPRegen 0.33/turn    B - ring of resist corrosion
MPRegen 0.14/turn

%: no passive effects
@: mighty, attractive, flying
A: claws 1, rugged brown scales 2, powered by death 2, demonic magic 1
a: Renounce Religion, Wall of Briars, Grow Ballistomycete


You were on level 8 of the Dungeon.
You worshipped Fedhas.
Fedhas was most pleased with you.
You visited 2 branches of the dungeon, and saw 10 of its levels.
You also visited: Bailey.

You collected 656 gold pieces.

Inventory:

Hand Weapons
 a - a +0 heavy trident
 b - a +0 trident (weapon)
 t - the +6 short sword "Nylos" {freeze, Int+2}
   (You found it on level 2 of the Dungeon)

   Int:       It affects your intelligence (+2).
 w - a +0 sling
 N - a +0 broad axe
Missiles
 d - 3 throwing nets
 e - 7 javelins
 l - 6 boomerangs of dispersal
 r - 2 silver boomerangs (quivered)
 E - 36 poisoned darts
 K - 12 boomerangs
 L - 4 datura-tipped darts
 M - 3 curare-tipped darts
 O - 7 atropa-tipped darts
Armour
 c - a +0 helmet (worn)
 o - a +1 scale mail of positive energy (worn)
 q - a +2 buckler (worn)
 u - a +0 cloak (worn)
 y - a +2 leather armour of positive energy
 S - a +0 ring mail of cold resistance
Jewellery
 f - a ring of flight
 B - a ring of resist corrosion (right claw)
 H - a ring of willpower (left claw)
Wands
 G - a wand of flame (15)
 J - a wand of paralysis (5)
Scrolls
 i - 4 scrolls of teleportation
 k - 2 scrolls of amnesia {unknown}
 m - a scroll of blinking {unknown}
 n - 2 scrolls of noise
 s - a scroll of fear {unknown}
 x - a scroll of silence
 A - a scroll of fog {unknown}
 C - a scroll of acquirement {unknown}
 D - a scroll of torment {unknown}
Potions
 g - 2 potions of mutation
 j - 4 potions of curing
 p - 4 potions of ambrosia
 v - a potion of might
 z - a potion of haste {unknown}
 F - a potion of resistance {unknown}
 I - a potion of attraction
 P - 2 potions of flight
 R - a potion of cancellation {unknown}
Miscellaneous
 h - a lightning rod (4/4)


   Skills:
 - Level 7.0 Fighting
 * Level 9.8 Polearms
 - Level 1.7 Throwing
 - Level 5.0 Armour
 * Level 2.8 Dodging
 - Level 5.0 Shields
 + Level 6.6 Invocations


You had 9 spell levels left.
You didn't know any spells.
Your spell library contained the following spells:

 Spells                   Type           Power      Damage    Failure   Level
 Ensorcelled Hibernation  Hex/Ice        0%         N/A       92%         2
 Passwall                 Tmut/Erth      0%         N/A       92%         2
 Frozen Ramparts          Ice            0%         1d1       99%         3
 Portal Projectile        Hex/Tloc       0%         N/A       99%         3
 Swiftness                Air            0%         N/A       99%         3
 Tukima's Dance           Hex            0%         N/A       99%         3
 Vhi's Electric Charge    Tloc/Air       0%         N/A       99%         3
 Anguish                  Hex/Necr       0%         N/A       100%        4
 Cause Fear               Hex            0%         N/A       100%        4
 Ice Form                 Ice/Tmut       0%         N/A       100%        4
 Summon Ice Beast         Ice/Summ       0%         N/A       100%        4
 Arcjolt                  Conj/Air       0%         1d10      100%        5
 Blade Hands              Tmut           0%         N/A       100%        5
 Plasma Beam              Fire/Air       0%         2x1d11    100%        6
 Enfeeble                 Hex            0%         N/A       100%        7
 Chain Lightning          Conj/Air       0%         N/A       100%        9
 Fire Storm               Conj/Fire      0%         5d1       100%        9
 Shatter                  Erth           0%         3d5*      100%        9


Dungeon Overview and Level Annotations

Branches:
Dungeon (9/15)             Temple (1/1) D:5          Bailey (visited)
   Lair: D:8-11         Orc: D:9-12

Altars:
Ashenzari
Cheibriados
Dithmenos
Fedhas
Gozag
Hepliaklqana
Kikubaaqudgha
Nemelex Xobeh
Okawaru
Qazlal
Ru
Trog
Wu Jian
Xom
Yredelemnul

Annotations:
D:6 2 transporters, exclusion: downstairs, AberrantSnake's ghost, novice TeCj


Innate Abilities, Weirdness & Mutations

You have sharp fingernails.
You are mostly covered in rugged brown scales. (AC +2, +5% HP)
You regenerate health from kills.
Spells you cast may paralyse adjacent enemies.


Message History

* * * LOW HITPOINT WARNING * * *
You hear some strange, mumbled words.
Something tries to affect you, but you resist.
You climb upwards.
Reactivating autopickup.
There is a stone staircase leading down here.
You are too confused!
You feel better. Something hits you but does no damage.
Deactivating autopickup; reactivate with Ctrl-A.
Something bites you!
* * * LOW HITPOINT WARNING * * *
Something draws strength from your injuries!
It was a potion of flight.
You feel very buoyant.
You fly up into the air.
Something hits you!
* * * LOW HITPOINT WARNING * * *
Something bites you but does no damage.
It was a potion of might.
You feel very mighty all of a sudden. Something hits you.
* * * LOW HITPOINT WARNING * * *
Something bites you.
* * * LOW HITPOINT WARNING * * *
Something draws strength from your injuries!
You feel much better. Something hits you but does no damage.
You block something's attack.
It was a potion of attraction.
You feel attractive to monsters. Something hits you but does no damage.
Something bites you!
* * * LOW HITPOINT WARNING * * *
You barely miss something. You block something's attack. Something bites you.
* * * LOW HITPOINT WARNING * * *
Something draws strength from your injuries!
You hit something. Something hits you.
* * * LOW HITPOINT WARNING * * *
Something bites you.
* * * LOW HITPOINT WARNING * * *
You closely miss something. Something hits you!
You die...
Fedhas appreciates your contribution to the ecosystem.

##. ###.. #....
#.... #####..
####.# ### #######
#....# #
#.....###....# ##
#@.....###...####.
#{......###.......
#........##.......
#............#####
#...####....##
#..## ###### ###.#
######## ###
#....... ########


There were no monsters in sight!

Vanquished Creatures
  Grinder (D:5)
  Prince Ribbit (D:6)
  3 yaks
  2 wyverns (D:7)
  2 water moccasins
  4 black bears
  2 orc warriors
  A sky beast (D:7)
  An ice beast (D:6)
  4 ogres
  3 centaurs
  A phantom (D:4)
  7 kobold brigands
  Blork the orc (D:5)
  A gnoll sergeant (D:7)
  5 scorpions
  8 killer bees
  Dowan (D:7)
  6 electric eels (D:8)
  5 hounds
  2 orc priests
  A jelly (D:7)
  A gnoll bouda (D:5)
  4 iguanas
  An iron imp (D:8)
  Terence (D:2)
  12 orc wizards
  A mummy (D:6)
  12 adders
  8 gnolls
  A shadow imp (D:6)
  2 white imps
  An ufetubus (D:5)
  2 worms
  3 dart slugs
  22 orcs
  3 bats
  11 endoplasms
  4 giant cockroaches
  16 goblins
  10 hobgoblins
  3 jackals (D:1)
  3 quokkas
  4 ball pythons
  7 frilled lizards
  27 kobolds
  4 kobold zombies (D:6)
  8 rats
233 creatures vanquished.

Vanquished Creatures (others)
  Duvessa (D:7)
  A sleepcap (D:8)
  3 orcs (D:8)
5 creatures vanquished.

Grand Total: 238 creatures vanquished

Notes
Turn   | Place    | Note
-------+----------+-------------------------------------------
     0 | D:1      | porpoise the Demonspawn Gladiator began the quest for the
                  | Orb.
     0 | D:1      | Reached XP level 1. HP: 16/16 MP: 1/1
   125 | D:1      | Reached skill level 3 in Polearms
   190 | D:1      | Gained mutation: Spells you cast may paralyse adjacent
                  | enemies. [demonic ancestry]
   190 | D:1      | Reached XP level 2. HP: 22/22 MP: 2/2
   652 | D:1      | Gained mutation: You have sharp fingernails. [demonic
                  | ancestry]
   652 | D:1      | Reached XP level 3. HP: 28/28 MP: 3/3
  1006 | D:2      | Found a faded altar of an unknown god.
  1032 | D:2      | Noticed Terence
  1048 | D:2      | Killed Terence
  1049 | D:2      | Reached skill level 4 in Polearms
  1049 | D:2      | Gained mutation: You regenerate a little health from kills.
                  | [demonic ancestry]
  1049 | D:2      | Reached XP level 4. HP: 16/34 MP: 4/4
  1519 | D:2      | Identified the +6 short sword "Nylos" {freeze, Int+2}
  2052 | D:3      | Reached XP level 5. HP: 41/41 MP: 5/5
  2249 | D:3      | Reached skill level 1 in Shields
  2872 | D:4      | Noticed an ogre
  2952 | D:4      | Noticed a water moccasin
  2964 | D:4      | Killed a water moccasin
  2965 | D:4      | Reached skill level 5 in Polearms
  2965 | D:4      | Gained mutation: You regenerate health from kills. [demonic
                  | ancestry]
  2965 | D:4      | Reached XP level 6. HP: 30/48 MP: 6/6
  3441 | D:4      | Gained mutation: You are partially covered in rugged brown
                  | scales. (AC +1, +3% HP) [demonic ancestry]
  3441 | D:4      | Reached XP level 7. HP: 41/55 MP: 7/7
  4098 | D:4      | Reached skill level 6 in Polearms
  4167 | D:5      | Entered Level 5 of the Dungeon
  4240 | D:5      | Found a shadowy altar of Dithmenos.
  4403 | D:5      | Noticed Grinder
  4418 | D:5      | Noticed Blork the orc
  4454 | D:5      | Killed Grinder
  4455 | D:5      | Reached skill level 5 in Fighting
  4455 | D:5      | Gained mutation: You are mostly covered in rugged brown
                  | scales. (AC +2, +5% HP) [demonic ancestry]
  4455 | D:5      | Reached XP level 8. HP: 17/65 MP: 8/8
  4466 | D:5      | Killed Blork the orc
  4467 | D:5      | Reached skill level 7 in Polearms
  4640 | D:5      | Found a staircase to the Ecumenical Temple.
  4649 | Temple   | Entered the Ecumenical Temple
  4654 | Temple   | Became a worshipper of Fedhas Madash
  4774 | D:5      | Reached skill level 1 in Invocations
  5569 | D:6      | Reached * piety under Fedhas
  5589 | D:6      | Found a transporter.
  5627 | D:6      | Identified the +2 dire flail of Contention {freeze, Dex-5
                  | SInv Stlth+}
  5627 | D:6      | Noticed a two-headed ogre
  5627 | D:6      | Noticed AberrantSnake's ghost (novice TeCj)
  5640 | D:6      | Found a transporter.
  5784 | D:6      | Noticed Prince Ribbit
  5795 | D:6      | Killed Prince Ribbit
  5796 | D:6      | Reached skill level 5 in Shields
  5796 | D:6      | Reached XP level 9. HP: 26/74 MP: 11/11
  6040 | D:6      | Reached skill level 8 in Polearms
  6053 | D:6      | Identified the +0 crystal plate armour of the Enfolding
                  | Gods {rF+++ Will- rCorr Str+5}
  6356 | D:7      | Found a flagged portal.
  6390 | Bailey   | Entered a bailey
  6573 | D:7      | Reached skill level 1 in Armour
  6578 | D:7      | Reached ** piety under Fedhas
  7255 | D:7      | Reached skill level 5 in Invocations
  7562 | D:7      | Reached skill level 9 in Polearms
  7719 | D:7      | Reached XP level 10. HP: 82/82 MP: 14/14
  8051 | D:7      | Noticed Duvessa
  8063 | D:7      | Noticed Dowan
  8086 | D:7      | Killed Duvessa
  8095 | D:7      | Killed Dowan
  8112 | D:7      | Reached *** piety under Fedhas
  9902 | D:8      | Reached skill level 5 in Armour
  9913 | D:8      | Found a snail-covered altar of Cheibriados.
 10600 | D:8      | HP: 3/82 [something (6)]
 10605 | D:8      | Slain by a vampire

Illustrated notes

Levels and vault maps discovered:
D:1:      reono_arrival_forest_river, layout_basic, columned_hall_lemuel,
          st_stairs_4, nicolae_titane
D:2:      layout_basic, dreamdust_ecumenical_altar_grove,
          kennysheep_generic_room_15, uniq_terence
D:3:      layout_loops_corners, st_stairs_3
D:4:      layout_basic, grunt_ministairs_1, minmay_ogre_servants
D:5:      layout_basic, grunt_dithmenos_smoke, minmay_temple_entry_glass,
          uniq_blork_the_orc, uniq_grinder
D:6:      layout_loops_ring, gammafunk_ghost_smash, minmay_mini_ossuary,
          uniq_prince_ribbit1
D:7:      kennysheep_six_static_rooms, layout_loops_cross, enter_bailey_4,
          uniq_duvessa
D:8:      layout_layer_cave, slow_altar_2, serial_bayou_lake_a
D:9:      layout_cave_pools, minmay_joined_circles
Temple:   minmay_freezing_vapour_temple

Skill      XL: |  1  2  3  4  5  6  7  8  9 10 |
---------------+-------------------------------+-----
Polearms       | 3 4 5 6 7 9 |  9.8
Fighting       | 3 4 5 6 7 |  7.0
Shields        | 1 2 3 5 |  5.0
Invocations    | 3 5 6 |  6.6
Armour         | 3 5 |  5.0
Throwing       | |  1.7
Dodging        | |  2.8

Action                     |  1- 3 |  4- 6 |  7- 9 | 10-12 || total
---------------------------+-------+-------+-------+-------++-------
  Melee: Trident           |   135 |   233 |   476 |   223 ||  1067
   Fire: Sling             |       |     5 |    11 |     3 ||    19
  Throw: Dart              |       |     3 |    15 |     8 ||    26
         Boomerang         |       |       |       |     4 ||     4
  Evoke: Wand              |       |       |       |     9 ||     9
         Lightning rod     |       |       |       |     1 ||     1
    Use: Scroll            |       |     4 |     4 |     1 ||     9
         Potion            |       |     1 |     5 |     6 ||    12
   Stab: Sleeping          |     4 |       |     3 |       ||     7
         Invisible         |       |       |     9 |       ||     9
 Armour: Leather armour    |    41 |    33 |    45 |       ||   119
         Ring mail         |       |    28 |       |       ||    28
         Scale mail        |       |       |    94 |   102 ||   196
  Dodge: Dodged            |    82 |    76 |   236 |    76 ||   470
  Block: Buckler           |       |    59 |   148 |    56 ||   263
